 Dungeon Sprint DCSS version 0.31-a0-846-gb3bcc0d938 (webtiles) character file.

Game seed: 746455663475911386

158 sircluck the Ruffian (level 5, -3/58 HPs)
             Began as a Troll Berserker on Oct 3, 2023.
             Was a Believer of Trog.
             Slain by a killer bee (6 damage)
             ... in the Dungeon (Sprint IV: "Fedhas' Mad Dash").
             The game lasted 00:00:35 (213 turns).

sircluck the Ruffian (Troll Berserker)               Turns: 213, Time: 00:00:36

Health: -3/58      AC:  4    Str: 27    XL:     5   Next: 16%
Magic:  4/4        EV: 11    Int:  3    God:    Trog [**....]
Gold:   63         SH:  0    Dex:  9    Spells: 4/4 levels left

rFire   . .          .
                       - Unarmed
rCold   . . .        (no shield)
rNeg    . . .        a - +0 animal skin
rPois   .            (helmet restricted)
rElec   .            (no cloak)
rCorr   .            (gloves unavailable)
SInv    .            (boots unavailable)
Will    .....        (no amulet)
Stlth   +            (no ring)
HPRegen 1.09/turn    (no ring)
MPRegen 0.09/turn

%: no teleportation
@: lethally poisoned (-3 -> -4)
A: large, unfitting armour, claws 3, regeneration 1, shaggy fur 1, tough skin 1
a: Renounce Religion, Berserk, Trog's Hand


You were in the Dungeon.
You worshipped Trog.
Trog was pleased with you.
You visited 1 branch You collected 63 gold pieces.

Inventory:

Armour
 a - a +0 animal skin (worn)
Jewellery
 i - the amulet of invisibility {+Inv}
   (You found it in the Dungeon)

   [amulet of nothing]

   +Inv:      It lets you turn invisible.
Potions
 b - a potion of curing
 c - a potion of heal wounds
 d - a potion of haste
 e - 2 potions of magic
 f - a potion of berserk rage
 h - a potion of might {unknown}


   Skills:
 + Level 5.6 Fighting
 + Level 5.5 Dodging
 + Level 6.7 Unarmed Combat


You had 4 spell levels left.
You didn't know any spells.
Your spell library was empty.

Dungeon Overview and Level Annotations

Branches:
Dungeon (1/1)

Altars:


Innate Abilities, Weirdness & Mutations

You are too large for most types of armour.
You have claws for hands.
Your natural rate of healing is unusually fast.
You are covered in fur. (AC +1)
You have tough skin. (AC +1)


Message History

The killer bee is almost dead.
You feel sick.
The queen bee buzzes angrily.
The killer bee completely misses you. The killer bee closely misses you.
You miss the killer bee.
The killer bee is almost dead.
The killer bee stings you. The killer bee closely misses you.
You closely miss the killer bee.
The killer bee is almost dead.
You feel sick. The killer bee stings you.
You are more poisoned.
The killer bee poisons you! The killer bee stings you. x3
The queen bee calls on the killer bee to defend it!
The killer bee goes berserk!
You closely miss the killer bee.
The killer bee is almost dead.
You feel sick. The killer bee barely misses you. The killer bee stings you. x2
* * * LOW HITPOINT WARNING * * *
The killer bee stings you.
* * * LOW HITPOINT WARNING * * *
You feel sick.
The killer bee attacks as it pursues you!
The killer bee closely misses you.
The killer bee stings you but does no damage. x2
There is an open door here.
You feel sick. The killer bee stings you!
* * * LOW HITPOINT WARNING * * *
You are more poisoned.
The killer bee poisons you!
Blink to where?
Press: ? - help, Q - select action, (/) - cycle Dir - move target
As you read the scroll of blinking, it crumbles to dust.
* * * LOW HITPOINT WARNING * * *
You feel very sick.
You feel sick.
There is an open door here.
You feel sick.
The killer bee attacks as it pursues you!
The killer bee stings you.
You die...

##################
#<..P#.....#.y...#
#PP..'....@y.#.(.+
#PPPP#.....#.#.y.#
###############'##
♣........'yy.#
y....♣..y..#...#
y.. ♣..♣..###### +
#+#####


You could see 2 killer bees.

Vanquished Creatures
  A scorpion (D)
  A killer bee (D)
  2 oklob saplings (D)
  A river rat (D)
  A rat (D)
6 creatures vanquished.

Notes
Turn   | Place    | Note
-------+----------+-------------------------------------------
     0 | D        | sircluck the Troll Berserker began the quest for the Orb.
     0 | D        | Reached XP level 1. HP: 22/22 MP: 0/0
     9 | D        | Reached XP level 2. HP: 31/31 MP: 1/1
    15 | D        | Noticed an oklob sapling
    17 | D        | Killed an oklob sapling
    17 | D        | Reached ** piety under Trog
    18 | D        | Reached skill level 4 in Unarmed Combat
    18 | D        | Reached XP level 3. HP: 39/39 MP: 2/2
    19 | D        | Noticed a scorpion
    19 | D        | Found the amulet of invisibility {+Inv}
    22 | D        | Killed a scorpion
    23 | D        | Reached skill level 5 in Unarmed Combat
    23 | D        | Reached XP level 4. HP: 44/49 MP: 3/3
    46 | D        | Reached skill level 5 in Fighting
    46 | D        | Reached skill level 5 in Dodging
    46 | D        | Reached skill level 6 in Unarmed Combat
    85 | D        | Noticed a queen bee
    95 | D        | Reached XP level 5. HP: 58/58 MP: 4/4
   213 | D        | Slain by a killer bee

Illustrated notes

Levels and vault maps discovered:
D:        dungeon_sprint_fedhas [sprint_temple]

Skill      XL: |  1  2  3  4 |
---------------+-------------+-----
Fighting       | 3 4 5 |  5.6
Dodging        | 3 4 5 |  5.5
Unarmed Combat | 4 5 6 |  6.7

Action                     |  1- 3 |  4- 6 || total
---------------------------+-------+-------++-------
  Melee: Unarmed           |     7 |     9 ||    16
    Use: Scroll            |       |     1 ||     1
 Armour: Animal skin       |     3 |    20 ||    23
  Dodge: Dodged            |     2 |     8 ||    10

Table legend: (Time is in decaauts)
 A = Elapsed time spent in this place.
 B = Non-inter-level travel time spent in this place.
 C = Inter-level travel time spent in this place.
 D = Time resting spent in this place.
 E = Time spent auto-exploring this place.
 F = Levels seen in this place.
 G = Mean time per level.
                   A        B        C        D        E       F      G
               +--------+--------+--------+--------+--------+-----+--------+
         Total |    211 |    211 |      0 |    125 |     25 |   1 |  211.0 |
       Dungeon |    211 |    211 |      0 |    125 |     25 |   1 |  211.0 |
               +--------+--------+--------+--------+--------+-----+--------+

Top non-repeatable levels by time:
       D: 211 daAuts
